cohdb
Replays
Latest Replays
All Replays
Popular Replays
Top Player Replays
Match Explorer
How It Works
Community
CoH3 Stats
Reddit
Sign in to upload your games and track your stats! →
Sign in with Steam
Match 41378746
Unlisted
Match 41378746
Overview
Messages
Build Orders
End
Scout Squad
Construct Barracks
Selects Heavy Weapons
1⁄4-ton 4x4 Truck
Riflemen Squad
Riflemen Squad
Construct Medical Station
Grenade Package
Riflemen Squad
Selects Assault Carriers
Mechanized Support Center
Construct Weapon Support Center
M3 Assault Carrier
M3 Assault Carrier
Selects Halftrack Strongpoints
Engineer Squad
M1918 Browning Automatic Rifles
Designate Forward Repair Station
Mortar Pit
M1919 Machine Gun Team
Mortar Pit
Selects M2HB .50cal Heavy Machine Gun
Riflemen Squad
Construct Tank Depot
Mortar Pit
M4A1 Sherman Medium Tank
M4A1 76mm Conversion
Porygon
Nudlar
[RN] Friedus
FAT G
0
0
Comments
sign in to comment!
No comments posted yet!